 Dungeon Crawl Stone Soup version 0.22-a0-301-gf0fe05c (webtiles) character file.

226 zero the Covert (level 5, 0/24 HPs)
             Began as a Spriggan Enchanter on Mar 26, 2018.
             Slain by a hippogriff (2 damage)
             ... on level 4 of the Dungeon.
             The game lasted 00:08:28 (6805 turns).

zero the Covert (Spriggan Enchanter)                Turns: 6805, Time: 00:08:29

Health: 0/24       AC:  2    Str:  4    XL:     5   Next: 69%
Magic:  3/10       EV: 18    Int: 16    God:
Gold:   161        SH:  0    Dex: 18    Spells: 3/9 levels left

rFire    . . .     SeeInvis +   q - +0 short sword (drain)
rCold    . . .     Gourm    .   (shield restricted)
rNeg     . . .     Faith    .   b - +0 robe
rPois    .         Spirit   .   (helmet restricted)
rElec    .         Reflect  .   (no cloak)
rCorr    .         Harm     .   (gloves unavailable)
MR       .....                  (boots unavailable)
Stlth    ++++......             (no amulet)
HPRegen  0.08/turn              (no ring)
MPRegen  0.12/turn              (no ring)

@: very slightly contaminated, very quick
A: very small, unfitting armour, see invisible, herbivore, speed 3, slow
metabolism 2
a: no special abilities


You were on level 4 of the Dungeon.
You were hungry.

You visited 1 branch of the dungeon, and saw 5 of its levels.

You collected 161 gold pieces.

Inventory:

Hand Weapons
 a - a +1 dagger
 q - a +0 short sword of draining (weapon)
Missiles
 e - 171 stones (quivered)
 i - 16 poisoned needles
 s - 43 sling bullets
 B - 4 needles of sleeping
Armour
 b - a +0 robe (worn)
Jewellery
 l - a +6 ring of protection {unknown}
 z - a cursed ring of loudness {unknown}
Scrolls
 d - 3 scrolls of fog {unknown}
 h - 7 scrolls of identify {unknown}
 j - a scroll of enchant armour {unknown}
 k - a scroll of noise {unknown}
 m - 4 scrolls of teleportation {unknown}
 n - a scroll of remove curse {unknown}
 p - a scroll of random uselessness {unknown}
 r - 3 scrolls of magic mapping {unknown}
 w - a scroll of blinking {unknown}
 y - a scroll of immolation {unknown}
Potions
 c - 3 potions of curing {unknown}
 f - 3 potions of heal wounds {unknown}
 g - a potion of agility
 o - 2 potions of ambrosia {unknown}
 t - 2 potions of resistance {unknown}
 u - a potion of magic {unknown}
 x - a potion of haste
 A - a potion of lignification {unknown}
Comestibles
 v - 2 rations


   Skills:
 + Level 0.2 Fighting
 - Level 3.0 Short Blades
 + Level 3.1 Dodging
 - Level 9.0 Stealth
 - Level 2.6 Spellcasting
 - Level 3.6 Hexes


You had 3 spell levels left.
You knew the following spells:

 Your Spells              Type           Power        Failure   Level  Hunger
a - Corona                Hex            ##.....      4%          1    #......
b - Ensorcelled Hibernat  Hex/Ice        #.....       14%         2    ##.....
c - Confuse               Hex            ##......     13%         3    ###....


Dungeon Overview and Level Annotations

Branches:
Dungeon (5/15)
 Temple: D:4-7

Altars:
Dithmenos
Makhleb
Sif Muna
Zin


Innate Abilities, Weirdness & Mutations

You are very small and have problems with some larger weapons.
You are too small for most types of armour.
You have supernaturally acute eyesight. (SInv)
You are a herbivore.
You cover ground extremely quickly.
You need to consume almost no food.


Message History

Unknown command.
The helpless hippogriff fails to defend itself.
You skewer the hippogriff like a kebab!!!
The hippogriff is severely wounded.
The hippogriff bites you.
The hippogriff pecks you but does no damage.
The hippogriff barely misses you.
You closely miss the hippogriff.
The hippogriff is severely wounded.
The hippogriff misses you. x2; The hippogriff closely misses you.
You barely miss the hippogriff.
The hippogriff is severely wounded.
The hippogriff barely misses you. The hippogriff pecks you!
The hippogriff barely misses you.
You barely miss the hippogriff.
The hippogriff is severely wounded.
The hippogriff bites you.
* * * LOW HITPOINT WARNING * * *
The hippogriff pecks you.
You die...

###.#####.##.#
#.......##.#
##########.#
#..<..†.### #.#.......#
#.#.###.#.#
######.#.###.#.#
#............).########
#.####.........H@.....#
#.# #.#.......######.#
#.# #.##......## #.#
#.## #.##.......# #)#
#..# #.###.....## #.#
##.# #........## #.###
#.# #######.## #...#
##.#### ##'## ###.#
......# ##...## #.#


You could see a hippogriff.

Vanquished Creatures
  An iguana (D:4)
  A worker ant (D:4)
  5 adders
  3 gnolls (D:4)
  An adder skeleton (D:4)
  4 worms
  2 dart slugs (D:2)
  6 orcs (D:4)
  A ball python (D:1)
  6 giant cockroaches
  7 goblins
  14 hobgoblins
  3 quokkas
  7 bats
  3 frilled lizards
  10 kobolds
  7 rats
81 creatures vanquished.

Notes
Turn   | Place    | Note
-------+----------+-------------------------------------------
     0 | D:1      | zero the Spriggan Enchanter began the quest for the Orb.
     0 | D:1      | Reached XP level 1. HP: 9/9 MP: 5/5
   914 | D:1      | Reached XP level 2. HP: 11/13 MP: 4/6
   918 | D:1      | Learned a level 2 spell: Ensorcelled Hibernation
   934 | D:1      | Reached skill level 5 in Stealth
  2572 | D:1      | Reached XP level 3. HP: 11/16 MP: 8/8
  3675 | D:2      | Reached skill level 6 in Stealth
  4101 | D:2      | Reached XP level 4. HP: 16/21 MP: 6/9
  4230 | D:2      | Found a deep blue altar of Sif Muna.
  4320 | D:2      | Found a burning altar of Makhleb.
  4514 | D:2      | Found a glowing silver altar of Zin.
  4776 | D:2      | Learned a level 3 spell: Confuse
  4817 | D:3      | Reached skill level 7 in Stealth
  5493 | D:4      | Reached skill level 8 in Stealth
  5493 | D:4      | Reached XP level 5. HP: 24/24 MP: 5/10
  5926 | D:4      | Found a shadowy altar of Dithmenos.
  5985 | D:4      | Reached skill level 9 in Stealth
  6256 | D:5      | Entered Level 5 of the Dungeon
  6439 | D:4      | Noticed a hippogriff
  6447 | D:4      | HP: 1/24 [hippogriff (2)]
  6805 | D:4      | Slain by a hippogriff

Vault maps used:
D:1:      saegor_arrival_simple_f
D:2:      lemuel_doored_altar, serial_park_tiny_pond, kennysheep_flooded_box,
          bloody_makhleb
D:3:      serial_park_tiny_2
D:4:      nicolae_overflow_crystal_walls
D:5:      first_ration

Skill      XL: |  1  2  3  4  5 |
---------------+----------------+-----
Stealth        | 5 6 8 9 |  9.0
Short Blades   | 2 3 |  3.0
Fighting       | |  0.2
Dodging        | |  3.1
Spellcasting   | |  2.6
Hexes          | |  3.6

Action                   |  1- 3 |  4- 6 || total
-------------------------+-------+-------++-------
Melee: Dagger            |   129 |       ||   129
       Short sword       |    36 |   105 ||   141
Throw: Stone             |     3 |       ||     3
 Cast: Corona            |    17 |     1 ||    18
       Ensorcelled Hiber |    17 |    24 ||    41
 Stab: Sleeping          |    20 |    14 ||    34
       Distracted        |     1 |     1 ||     2
  Eat: Ration            |     1 |     2 ||     3
Armor: Robe              |    12 |     3 ||    15
Dodge: Dodged            |   145 |    87 ||   232

Table legend:
 A = Spawn XP
 B = Non-spawn XP
 C = Spawn XP percentage of total XP
 D = Spawn monster count
 E = Non-spawn monster count
 F = Spawn count percentage of total count
 G = Total turns spent on level
                    A         B        C        D         E        F      G
               +---------+---------+-------+---------+---------+-------+---------
         Total |       0 |     323 |   0.0 |       0 |      81 |   0.0 |  6805
               +---------+---------+-------+---------+---------+-------+---------
           D:1 |       0 |      42 |   0.0 |       0 |      27 |   0.0 |  2948
           D:2 |       0 |      56 |   0.0 |       0 |      22 |   0.0 |  1755
           D:3 |       0 |      82 |   0.0 |       0 |      16 |   0.0 |   571
           D:4 |       0 |     143 |   0.0 |       0 |      16 |   0.0 |  1529
               +---------+---------+-------+---------+---------+-------+---------
